 Dungeon Crawl Stone Soup version 0.21.1-1-g345015f (webtiles) character file.

163447 sanboga the Severer (level 17, -27/116 HPs)
             Began as a Gargoyle Berserker on May 30, 2018.
             Was the Champion of Trog.
             Annihilated by a titanic slime creature (47 damage)
             ... on level 4 of the Swamp.
             The game lasted 00:51:44 (23634 turns).

sanboga the Severer (Gargoyle Berserker)           Turns: 23634, Time: 00:51:45

Health: -27/116    AC: 41    Str: 31    XL:     17   Next: 83%
Magic:  17/17      EV:  9    Int:  9    God:    Trog [******]
Gold:   1954       SH:  0    Dex: 12    Spells: 16/16 levels left

rFire    + . .     SeeInvis +   O - +10 executioner's axe of Resumed Hostilities {speed, rPois Str+4 Dex+3}
rCold    x . .     Gourm    .   (shield currently unavailable)
rNeg     + . .     Faith    .   d - +1 plate armour
rPois    ∞         Spirit   .   h - +2 hat of Miracles {rPois rC- rCorr Stlth+}
rElec    +         Reflect  .   C - +0 cloak
rCorr    +         Harm     .   v - +1 pair of gloves of Happiness {Regen+}
MR       +++..                  P - +2 pair of boots {run}
Stlth    ..........             M - amulet of regeneration
HPRegen  2.09/turn              f - ring of see invisible
MPRegen  0.15/turn              D - ring "Cixuvotz" {+Fly rF+}

@: about to teleport, flying, regenerating, quick
A: big wings, negative energy resistance 1, electricity resistance, unbreathing,
petrification resistance, rot immunity, AC +12
a: Stop Flying, Berserk, Trog's Hand, Brothers in Arms, Burn Spellbooks,
Renounce Religion


You were on level 4 of the Swamp.
You worshipped Trog.
Trog was exalted by your worship.
You were very hungry.

You visited 4 branches of the dungeon, and saw 27 of its levels.
You also visited: Labyrinth, Ossuary and Volcano.

You collected 3091 gold pieces.
You spent 1137 gold pieces at shops.

Inventory:

Hand Weapons
 O - the +10 executioner's axe of Resumed Hostilities (weapon) {speed, rPois Str+4 Dex+3}
   (You found it on level 6 of the Lair of Beasts)

   Attacks with this weapon are significantly faster.
   It affects your strength (+4).
   It affects your dexterity (+3).
   It protects you from poison.
Armour
 d - a +1 plate armour (worn)
 h - the +2 hat of Miracles (worn) {rPois rC- rCorr Stlth+}
   (You acquired it on level 2 of the Swamp)

   It makes you vulnerable to cold.
   It protects you from poison.
   It protects you from acid and corrosion.
   It makes you more stealthy.
 v - the +1 pair of gloves of Happiness (worn) {Regen+}
   (You found it on level 6 of the Dungeon)

   It increases your rate of regeneration.
 C - a +0 cloak (worn)
 P - a +2 pair of boots of running (worn)
Jewellery
 f - a ring of see invisible (left hand)
 B - an uncursed ring of resist corrosion
 D - the ring "Cixuvotz" (right hand) {+Fly rF+}
   (You found it on level 5 of the Lair of Beasts)

   [ring of flight]

   It protects you from fire.
   It lets you fly.
 L - an uncursed ring of protection from cold
 M - an amulet of regeneration (around neck)
Wands
 a - a wand of digging (37)
 k - a wand of polymorph (13)
 l - a wand of disintegration (29)
 n - a wand of random effects (27)
 t - a wand of iceblast (31)
 w - a wand of acid (14)
 E - a wand of scattershot (6)
 H - a wand of flame (72)
Scrolls
 b - 19 scrolls of remove curse
 i - 9 scrolls of teleportation
 s - 3 scrolls of magic mapping
 u - 5 scrolls of enchant weapon
 x - 3 scrolls of enchant armour
 z - 7 scrolls of identify
 A - 5 scrolls of summoning
 G - a scroll of blinking
 J - a scroll of fog
 N - a scroll of fear
Potions
 e - 4 potions of invisibility
 g - 3 potions of heal wounds
 j - 4 potions of ambrosia
 m - 3 potions of agility
 o - 9 potions of curing
 p - 6 potions of might
 q - 9 potions of haste
 r - 2 potions of cancellation
 I - 2 potions of mutation
 Q - 2 potions of berserk rage
Miscellaneous
 y - a lamp of fire
Comestibles
 c - 45 rations
 F - 5 chunks of flesh


   Skills:
 + Level 16.9 Fighting
 * Level 19.4 Axes
 + Level 16.7 Armour
 - Level 1.5 Dodging


You had 16 spell levels left.
You didn't know any spells.

Dungeon Overview and Level Annotations

Branches:
Dungeon (15/15)            Temple (0/1) D:6            Lair (6/6) D:11
  Swamp (4/4) Lair:2       Spider (0/4) Lair:2        Slime (0/5) Lair:5
    Orc (2/2) D:11            Elf (0/3) Orc:2        Vaults (0/5) D:14
 Depths (0/5) D:15

Altars:
Ashenzari
Cheibriados
Fedhas
Gozag
Kikubaaqudgha
Okawaru
Ru
Sif Muna
Trog
Yredelemnul
The Shining One
Beogh
Jiyva

Shops:
D:4 :   D:11 }   Orc:1 !   Orc:2 ==[?

Portals:
Trove: D:10 (give +3 shadow dragon scales)


Innate Abilities, Weirdness & Mutations

You are resistant to torment.
Your stone body is resilient. (AC +12)
You are immune to poison.
Your large and strong wings let you fly indefinitely.
You resist negative energy. (rN+)
You are resistant to electric shocks. (rElec)
You can survive without breathing.
You are immune to petrification.
You are immune to rotting.


Message History

The swamp dragon claws your iron troll.
The swamp dragon tramples your iron troll.
Your iron troll holds its ground!
Your iron troll is engulfed in noxious fumes.
Your iron troll bites the swamp dragon!!
The swamp dragon dies!
Trog accepts your kill.
The swamp dragon scales are intact enough to wear.
The swamp dragon breathes poison at you.
The blast of poison engulfs you! You resist.
You hear a deafening roar!
As you read the scroll of teleportation, it crumbles to dust.
You feel strangely unstable.
Your iron troll is engulfed in noxious fumes.
Your iron troll bites the seven-headed hydra!!!
Your iron troll claws the seven-headed hydra! x2
The seven-headed hydra dies!
Trog accepts your kill. The titanic slime creature hits you!!!
You die...

♣♣ ♣♣.♣♣...≈≈≈.≈.≈.♣♣♣♣.≈≈≈≈≈≈
♣♣≈♣♣
♣..≈≈.≈....≈♣♣♣≈≈...≈≈≈.♣♣.
♣..≈♣♣♣.≈..≈≈♣♣♣♣♣♣♣≈..≈..≈≈≈♣
♣♣ ♣.≈.♣≈≈...♣♣♣
♣♣≈≈..≈≈..≈≈≈≈ ♣ ♣♣≈.≈≈§≈♣♣♣
♣♣..≈.≈≈)♣♣♣..≈ ♣≈ ♣...≈...≈♣♣
♣♣≈≈≈.§≈♣ .. ≈.. ♣♣≈.≈.§≈≈≈♣
♣≈≈≈≈≈♣♣♣♣≈.. ≈..
♣♣...≈≈..#♣♣♣♣≈§§§≈..≈.... ≈♣♣
♣≈≈.≈.≈.≈♣♣♣♣§♣§@§§...#...
♣♣.≈≈≈(≈≈♣♣≈≈♣♣♣JD.†.....♣
♣≈≈#≈≈≈#...♣♣♣♣§§♣♣♣.♣≈.♣
♣≈≈≈≈≈♣≈≈#♣♣♣.§T§≈♣ ♣ #
♣≈≈≈≈♣♣♣≈≈♣♣.#§k§.♣ ♣♣≈≈≈♣
♣♣♣♣. #...#.♣ ♣≈#♣♣ ♣ ##≈≈#≈♣
♣♣♣ ##.###. #.J###≈♣ ♣♣♣♣♣♣


You could see a swamp dragon, a titanic slime creature, a swamp drake and a
friendly iron troll (berserk).

Vanquished Creatures
  3 thorn hunters
  The ghost of MayorMcCheese the Severer, an adept GrBe of Trog (Swamp:4)
  An orc warlord (Orc:1)
  A stone giant (Volcano)
  Azrael (D:15)
  A spark wasp (shapeshifter) (D:13)
  A minotaur (Lab)
  Josephine (Lair:6)
  4 vault guards (D:14)
  Erolcha (D:13)
  5 ghost crabs
  18 hydras
  Fannar (D:12)
  6 centaur warriors
  4 catoblepae (Lair:6)
  Erica (D:8)
  16 two-headed ogres
  8 alligators
  A death knight (D:11)
  A tengu warrior (D:15)
  3 ogre magi
  A vampire mage (D:15)
  20 death yaks
  Sonja (D:10)
  7 skeletal warriors (D:15)
  The ghost of NewPlayer the Cleaver, a novice BaFi of Ru (D:7)
  2 unseen horrors
  2 deep trolls (Orc:2)
  2 spriggan druids
  6 swamp dragons
  4 orc knights
  A necromancer (D:15)
  A wolf spider zombie (D:14)
  An orc sorcerer (Orc:1)
  8 ugly things
  6 cyclopes
  A deep elf mage (D:13)
  4 manticores
  A frost giant skeleton (D:15)
  Maurice (D:8)
  A black mamba (Lair:3)
  10 elephants
  A molten gargoyle (Volcano)
  12 spiny frogs
  5 rime drakes
  4 gargoyles
  A redback zombie (D:13)
  3 freezing wraiths (D:11)
  An efreet (Volcano)
  6 komodo dragons
  12 trolls
  4 hornets
  4 tyrant leeches
  5 bog bodies
  A polar bear (Lair:6)
  Prince Ribbit (Lair:3)
  7 slime creatures
  12 hippogriffs
  23 blink frogs
  An ettin zombie (D:15)
  A spriggan zombie (D:15)
  A vampire (D:12)
  2 redbacks (Lair:2)
  2 shadows
  4 fire bats (Volcano)
  3 spriggans
  12 wyverns
  60 yaks
  An ettin skeleton (D:15)
  3 wraiths (Lair:6)
  2 fire elementals
  A hungry ghost (D:13)
  7 basilisks
  A steam dragon (D:12)
  Grum (D:11)
  24 vampire mosquitoes
  7 wargs
  An acid dragon (D:15)
  18 swamp worms
  21 water moccasins
  5 insubstantial wisps (Swamp:3)
  7 porcupines
  7 hell hounds
  18 swamp drakes
  21 orc warriors
  5 phantoms
  2 black bears
  4 eyes of draining
  3 ice beasts
  5 sky beasts
  A necrophage (D:14)
  12 wolves
  31 ogres
  13 centaurs
  8 crocodiles
  3 big kobolds
  An earth elemental (Volcano)
  21 bullfrogs
  10 wights
  17 killer bees
  An electric eel (Lair:1)
  2 howler monkeys (D:14)
  4 bullfrog zombies
  4 crimson imps
  6 centaur zombies
  4 lava snakes (Volcano)
  7 hounds
  17 orc priests
  7 centaur skeletons
  7 bullfrog skeletons
  A gnoll shaman (D:4)
  Jessica (D:2)
  4 iguanas
  25 orc wizards
  6 worker ants
  8 mummies (Ossuary)
  A howler monkey zombie (D:6)
  2 worker ant zombies (D:9)
  Robin (D:2)
  17 gnolls
  2 howler monkey skeletons
  12 adders
  3 shadow imps
  4 oozes
  An adder skeleton (D:6)
  A worm (D:2)
  A dart slug (D:3)
  3 leopard geckos
  82 orcs
  6 giant cockroaches
  26 goblins
  9 hobgoblins
  5 jackals
  5 quokkas
  A ball python (D:1)
  6 bats
  6 frilled lizards
  2 gnoll zombies (Ossuary)
  A hobgoblin zombie (Ossuary)
  15 kobolds
  5 kobold zombies (Ossuary)
  A leopard gecko skeleton (D:7)
  A quokka zombie (D:9)
  4 rats
  4 briar patches (Swamp:2)
  A butterfly (Lair:4)
  7 fungi
  3 plants
  A withered plant (D:9)
972 creatures vanquished.

Vanquished Creatures (collateral kills)
  the Lernaean hydra (Swamp:4)
  3 hydras
  A swamp dragon (Swamp:4)
  2 trolls (Orc:2)
  A queen bee (Lair:3)
  An orc warrior (Orc:2)
  7 killer bees (Lair:3)
16 creatures vanquished.

Vanquished Creatures (others)
  A spiny frog (Swamp:4)
  2 slime creatures (Swamp:4)
  A bullfrog (D:15)
  A crimson imp (D:13)
  An orc wizard (D:13)
  3 briar patches (Swamp:2)
  7 fungi
  2 plants
18 creatures vanquished.

Grand Total: 1006 creatures vanquished

Notes
Turn   | Place    | Note
-------+----------+-------------------------------------------
     0 | D:1      | sanboga the Gargoyle Berserker began the quest for the Orb.
     0 | D:1      | Reached XP level 1. HP: 14/14 MP: 1/1
    90 | D:1      | Reached XP level 2. HP: 11/19 MP: 2/2
   245 | D:1      | Reached skill level 3 in Axes
   443 | D:1      | Reached XP level 3. HP: 22/23 MP: 3/3
   744 | D:1      | Reached ** piety under Trog
  1217 | D:2      | Reached XP level 4. HP: 15/29 MP: 4/4
  1527 | D:2      | Found a blossoming altar of Fedhas.
  1657 | D:2      | Noticed Robin
  1686 | D:2      | Killed Robin
  1902 | D:2      | Found an iron altar of Okawaru.
  1918 | D:2      | Reached skill level 4 in Axes
  1925 | D:2      | Reached XP level 5. HP: 17/33 MP: 5/5
  2229 | D:2      | Noticed Jessica
  2239 | D:2      | Killed Jessica
  2286 | D:3      | Reached *** piety under Trog
  2400 | D:3      | Found a snail-covered altar of Cheibriados.
  2891 | D:4      | Noticed a phantom
  2965 | D:4      | Killed a phantom
  2965 | D:4      | Reached XP level 6. HP: 14/39 MP: 6/6
  3006 | D:4      | Found a deep blue altar of Sif Muna.
  3013 | D:4      | Found Tuygynto's Book Boutique.
  3048 | D:4      | Noticed a phantom
  3094 | D:4      | Killed a phantom
  3094 | D:4      | Reached skill level 5 in Axes
  3176 | D:4      | Found a sand-covered staircase.
  3185 | Ossuary  | Entered an ossuary
  3204 | Ossuary  | Reached skill level 5 in Fighting
  3232 | Ossuary  | Reached XP level 7. HP: 42/44 MP: 7/7
  3639 | D:4      | Found a basalt altar of Yredelemnul.
  3711 | D:4      | Reached **** piety under Trog
  4185 | D:4      | Reached skill level 6 in Axes
  4185 | D:4      | Reached skill level 5 in Armour
  4241 | D:4      | Reached XP level 8. HP: 51/51 MP: 8/8
  4322 | D:5      | Entered Level 5 of the Dungeon
  4665 | D:5      | Found a sacrificial altar of Ru.
  4793 | D:6      | Noticed a troll
  4806 | D:6      | Killed a troll
  4806 | D:6      | Reached skill level 7 in Axes
  5006 | D:6      | Found a staircase to the Ecumenical Temple.
  5269 | D:5      | Reached ***** piety under Trog
  5272 | D:5      | Reached XP level 9. HP: 51/56 MP: 9/9
  5532 | D:6      | Got a pair of dazzling gloves
  5538 | D:6      | Identified the +1 pair of gloves of Happiness {Regen+} (You found it on level 6 of the Dungeon)
  5831 | D:7      | Reached skill level 8 in Axes
  5839 | D:7      | Found a bloodstained altar of Trog.
  5859 | D:7      | Received a gift from Trog
  6560 | D:7      | Noticed NewPlayer's ghost (novice BaFi)
  6575 | D:7      | Killed NewPlayer's ghost
  6575 | D:7      | Reached skill level 9 in Axes
  6597 | D:7      | Reached XP level 10. HP: 60/64 MP: 10/10
  7056 | D:8      | Noticed Maurice
  7088 | D:8      | Killed Maurice
  7117 | D:8      | Noticed Erica
  7162 | D:8      | Killed Erica
  7162 | D:8      | Reached skill level 10 in Axes
  7259 | D:8      | Found a glowing golden altar of the Shining One.
  7386 | D:8      | Found a shattered altar of Ashenzari.
  7934 | D:9      | Found an ancient bone altar of Kikubaaqudgha.
  8367 | D:10     | Entered Level 10 of the Dungeon
  8381 | D:10     | Noticed Sonja
  8384 | D:10     | Killed Sonja
  8384 | D:10     | Reached XP level 11. HP: 71/71 MP: 11/11
  8405 | D:10     | Found a portal to a secret trove of treasure.
  8465 | D:10     | Noticed an unseen horror
  8486 | D:10     | Killed an unseen horror
  8486 | D:10     | Reached skill level 11 in Axes
  8646 | D:10     | Noticed a two-headed ogre
  8654 | D:10     | Killed a two-headed ogre
  8654 | D:10     | Reached skill level 10 in Fighting
  9075 | D:11     | Noticed a manticore
  9079 | D:11     | Noticed Grum
  9083 | D:11     | Killed a manticore
  9105 | D:11     | Killed Grum
  9171 | D:11     | Noticed a death yak
  9171 | D:11     | Noticed a death yak
  9173 | D:11     | Found a staircase to the Lair.
  9173 | D:11     | Noticed a death yak
  9206 | D:11     | Found a labyrinth entrance.
  9215 | Lab      | Entered a labyrinth
  9459 | Lab      | Noticed a minotaur
  9469 | Lab      | Killed a minotaur
  9469 | Lab      | Reached skill level 10 in Armour
  9496 | Lab      | Identified Sirryosk's Collected Works on Floating Talismans
  9542 | D:11     | Reached skill level 12 in Axes
  9559 | D:11     | Noticed a death knight
  9568 | D:11     | Found Mob Enaynt's Gadget Boutique.
  9756 | D:11     | Found a deep blue altar of Sif Muna.
  9901 | D:11     | Killed a death knight
  9901 | D:11     | Reached XP level 12. HP: 79/79 MP: 10/12
 10016 | D:11     | Killed a death yak
 10021 | D:11     | Killed a death yak
 10028 | D:11     | Killed a death yak
 10185 | D:11     | Found a staircase to the Orcish Mines.
 10185 | D:11     | Noticed a centaur warrior
 10193 | D:11     | Killed a centaur warrior
 10193 | D:11     | Reached skill level 13 in Axes
 10196 | D:11     | Reached ****** piety under Trog
 10446 | Lair:1   | Entered Level 1 of the Lair of Beasts
 11176 | Lair:2   | Found a staircase to the Swamp.
 11259 | Lair:2   | Noticed an eight-headed hydra
 11264 | Lair:2   | Killed a ten-headed hydra
 11310 | Lair:2   | Found a hole to the Spider Nest.
 11335 | Lair:2   | Noticed a five-headed hydra
 11360 | Lair:2   | Killed a 15-headed hydra
 11360 | Lair:2   | Reached XP level 13. HP: 24/86 MP: 13/13
 11833 | Lair:3   | Reached skill level 14 in Axes
 11947 | Lair:3   | Received a gift from Trog
 11955 | Lair:3   | Noticed Prince Ribbit
 11968 | Lair:3   | Killed Prince Ribbit
 13065 | Lair:4   | Received a gift from Trog
 13864 | Lair:5   | Got a flickering brass ring
 13872 | Lair:5   | Identified the ring "Cixuvotz" {+Fly rF+} (You found it on level 5 of the Lair of Beasts)
 13889 | Lair:5   | Found a staircase to the Slime Pits.
 13890 | Lair:5   | Found a viscous altar of Jiyva.
 13929 | Lair:5   | Reached skill level 15 in Axes
 13932 | Lair:5   | Gained mutation: Your large and strong wings let you fly indefinitely. [Gargoyle growth]
 13932 | Lair:5   | Reached XP level 14. HP: 94/94 MP: 14/14
 14548 | Lair:6   | Entered Level 6 of the Lair of Beasts
 14594 | Lair:6   | Received a gift from Trog
 14896 | Lair:6   | Found the ring of the Mage {Wiz MR++ Int+3}
 15059 | Lair:6   | Noticed Josephine
 15074 | Lair:6   | Killed Josephine
 15079 | Lair:6   | Reached skill level 16 in Axes
 15100 | Lair:6   | Identified a scroll of acquirement
 15329 | Lair:6   | Received a gift from Trog
 15398 | Lair:6   | Reached XP level 15. HP: 89/100 MP: 15/15
 15505 | Lair:6   | Got an encrusted executioner's axe
 15506 | Lair:6   | Identified the +10 executioner's axe of Resumed Hostilities {speed, rPois Str+4 Dex+3} (You found it on level 6 of the Lair of Beasts)
 15898 | Orc:1    | Entered Level 1 of the Orcish Mines
 15944 | Orc:1    | Found a dark tunnel.
 15957 | Volcano  | Entered a volcano
 16147 | Volcano  | Found a radiant altar of Vehumet.
 16408 | Orc:1    | Found Jeyloor's Distillery.
 16418 | Orc:1    | Bought 2 potions of mutation for 224 gold pieces
 16497 | Orc:1    | Received a gift from Trog
 16511 | Orc:1    | Noticed an orc warlord
 16598 | Orc:1    | Killed an orc warlord
 16930 | Orc:1    | Found a roughly hewn altar of Beogh.
 16986 | Orc:2    | Entered Level 2 of the Orcish Mines
 17008 | Orc:2    | Found a staircase to the Elven Halls.
 17208 | Orc:2    | Found Zedd's Jewellery Shop.
 17213 | Orc:2    | Reached skill level 17 in Axes
 17228 | Orc:2    | Received a gift from Trog
 17228 | Orc:2    | Reached skill level 15 in Fighting
 17233 | Orc:2    | Found Qanoenk's Magic Scroll Emporium.
 17274 | Orc:2    | Found Vomy's Armour Emporium.
 17277 | Orc:2    | Found Neinn's Jewellery Shoppe.
 17302 | Orc:2    | Bought a +2 pair of boots of running for 622 gold pieces
 17321 | Orc:2    | Bought a scroll of enchant weapon for 97 gold pieces
 17321 | Orc:2    | Bought a scroll of enchant weapon for 97 gold pieces
 17321 | Orc:2    | Bought a scroll of enchant armour for 97 gold pieces
 17868 | D:12     | Noticed Fannar
 17872 | D:12     | Killed Fannar
 18279 | D:12     | Reached skill level 15 in Armour
 18546 | D:13     | Noticed Erolcha
 18556 | D:13     | Killed Erolcha
 18571 | D:13     | Reached XP level 16. HP: 96/108 MP: 16/16
 18729 | D:13     | Received a gift from Trog
 19388 | D:14     | Found a gate to the Vaults.
 19693 | D:14     | Received a gift from Trog
 19929 | D:15     | Entered Level 15 of the Dungeon
 19931 | D:15     | Reached skill level 18 in Axes
 19932 | D:15     | Noticed Azrael
 19947 | D:15     | Killed Azrael
 20070 | D:15     | Found a staircase to the Depths.
 20327 | D:15     | Found an opulent altar of Gozag.
 20578 | D:15     | Received a gift from Trog
 20590 | D:15     | Got a scorched battleaxe {god gift}
 20591 | D:15     | Identified the +6 battleaxe of Iconoclasm {chop, Str+9 Stlth+} (Trog gifted it to you on level 15 of the Dungeon)
 20960 | Swamp:1  | Entered Level 1 of the Swamp
 21225 | Swamp:1  | Reached XP level 17. HP: 66/115 MP: 17/17
 22103 | Swamp:2  | Received a gift from Trog
 22283 | Swamp:2  | Got a brightly glowing hat
 22294 | Swamp:2  | Identified the +2 hat of Miracles {rPois rC- rCorr Stlth+} (You acquired it on level 2 of the Swamp)
 22445 | Swamp:3  | Reached skill level 19 in Axes
 23047 | Swamp:4  | Entered Level 4 of the Swamp
 23055 | Swamp:4  | Noticed MayorMcCheese's ghost (adept GrBe)
 23151 | Swamp:4  | Killed MayorMcCheese's ghost
 23583 | Swamp:4  | Received a gift from Trog
 23611 | Swamp:4  | Noticed the 27-headed Lernaean hydra
 23630 | Swamp:4  | Killed the 27-headed Lernaean hydra
 23634 | Swamp:4  | Annihilated by a titanic slime creature

Skill      XL: |  1  2  3  4  5  6  7  8  9 10 11 12 13 14 15 16 17 |
---------------+----------------------------------------------------+-----
Axes           | 3 4 5 6 7 9 10 12 13 15 16 17 18 19 | 19.4
Armour         | 3 4 5 6 7 9 10 11 12 14 15 16 | 16.7
Fighting       | 4 5 6 8 9 10 12 13 14 15 16 | 16.9
Dodging        | |  1.5

Action                   |  1- 3 |  4- 6 |  7- 9 | 10-12 | 13-15 | 16-18 || total
-------------------------+-------+-------+-------+-------+-------+-------++-------
Melee: Hand axe          |   106 |   295 |   459 |   196 |       |       ||  1056
       War axe           |       |       |       |    74 |       |       ||    74
       Battleaxe         |       |       |       |   348 |   516 |       ||   864
       Executioner's axe |       |       |       |       |   269 |   724 ||   993
Invok: Berserk           |       |     1 |     4 |     9 |     7 |     1 ||    22
       Burn Spellbooks   |       |       |     2 |     1 |     3 |     2 ||     8
       Brothers in Arms  |       |       |       |       |     2 |     2 ||     4
       Trog's Hand       |       |       |       |       |     1 |     1 ||     2
 Abil: Fly               |       |       |       |       |     1 |       ||     1
Evoke: Wand              |       |       |       |     2 |     2 |       ||     4
  Use: Scroll            |     5 |     6 |     9 |    13 |     7 |     7 ||    47
       Potion            |       |       |     2 |     2 |     1 |       ||     5
 Stab: Invisible         |       |       |       |     1 |       |       ||     1
       Held in net/web   |       |       |       |     1 |       |       ||     1
       Petrifying        |       |       |       |       |     1 |       ||     1
  Eat: Chunk             |     1 |     6 |     7 |    20 |    26 |    17 ||    77
       Ration            |       |       |     3 |     1 |     2 |       ||     6
Armor: Animal skin       |    25 |       |       |       |       |       ||    25
       Plate armour      |    31 |   248 |   345 |   645 |   816 |   890 ||  2975
       Ring mail         |     7 |       |       |       |       |       ||     7
Dodge: Dodged            |    60 |   100 |   166 |   317 |   399 |   328 ||  1370
